 Dungeon Crawl Stone Soup version 0.30-a0-311-gf115ab0292 (webtiles) character file.

Game seed: 17282216109658693705

8281 Lobster4 the Trooper (level 11, -5/129 HPs)
             Began as a Human Conjurer on Oct 25, 2022.
             Was a Believer of the Shining One.
             Slain by a two-headed ogre
             ... wielding a +0 dire flail
              (11 damage)
             ... on level 10 of the Dungeon.
             The game lasted 00:35:29 (12228 turns).

Lobster4 the Trooper (Human Conjurer)              Turns: 12228, Time: 00:35:30

Health: -5/129     AC: 29    Str: 12    XL:     11   Next: 52%
Magic:  20/20      EV:  2    Int: 19    God:    the Shining One [**....]
Gold:   136        SH:  0    Dex: 11    Spells: 19/22 levels left

rFire   + . .      SeeInvis .    a - +8 falchion of the Lame Duck {flame, Stlth+}
rCold   . . .      Faith    .    (no shield)
rNeg    + . .      Spirit   .    (body armour currently unavailable)
rPois   +          Reflect  .    (helmet currently unavailable)
rElec   .          Harm     .    (cloak currently unavailable)
rCorr   .          Rampage  .    (gloves currently unavailable)
Will    .....      NoTele   +    (boots currently unavailable)
Stlth   ++........               p - amulet of regeneration
HPRegen 1.21/turn                P - +4 ring of protection
MPRegen 0.17/turn                m - ring of protection from fire

@: tree-form, glowing
A: stationary, stasis, torment immunity, boosted hp
a: Renounce Religion, Divine Shield


You were on level 10 of the Dungeon.
You worshipped the Shining One.
The Shining One was pleased with you.
You were a tree.
You visited 2 branches of the dungeon, and saw 11 of its levels.
You also visited: Bailey.

You collected 430 gold pieces.
You spent 294 gold pieces at shops.

Inventory:

Hand Weapons
 a - the +8 falchion of the Lame Duck (weapon) {flame, Stlth+}
   (You found it in a bailey)

   It burns those it strikes, dealing additional fire damage.
   Big, fiery blades are also staple armaments of hydra-hunters.
   Stlth:     It makes you more stealthy.
 b - a +0 arbalest
 y - a +2 dagger of venom
 B - a +0 war axe
 C - a +2 dagger of flaming
 H - a +3 spear of flaming
Missiles
 g - 10 boomerangs
 s - 22 poisoned darts (quivered)
Armour
 e - the +0 chain mail of the Secret Defenders (melded) {rElec rN+ rCorr Str+4}
   (You bought it in a shop on level 1 of the Dungeon)

   Str:       It affects your strength (+4).
   rElec:     It insulates you from electricity.
   rN:        It protects you from negative energy.
   rCorr:     It protects you from acid and corrosion.
 o - a +1 cloak (melded)
 r - a +0 robe of cold resistance
 A - a +0 scale mail
 E - a +1 helmet (melded)
 M - a +0 ring mail
 Q - a +0 tower shield
Jewellery
 d - a +6 ring of dexterity
 m - a ring of protection from fire (right branch)
 p - an amulet of regeneration (around neck)
 L - a ring of protection from cold
 O - a ring of protection from fire
 P - a +4 ring of protection (left branch)
Wands
 c - a wand of iceblast (6)
 l - a wand of digging (6)
 I - a wand of charming (7)
Scrolls
 i - a scroll of magic mapping
 n - a scroll of immolation {unknown}
 q - a scroll of fear {unknown}
 t - 3 scrolls of vulnerability {unknown}
 v - 2 scrolls of amnesia {unknown}
 w - 4 scrolls of teleportation
 F - a scroll of silence {unknown}
 G - 2 scrolls of enchant armour
 K - a scroll of poison
 R - 2 scrolls of identify
Potions
 f - a potion of heal wounds
 h - 2 potions of berserk rage
 j - 3 potions of curing
 k - 6 potions of haste
 u - 3 potions of magic
 z - a potion of cancellation
 D - a potion of invisibility {unknown}
 N - a potion of ambrosia
Miscellaneous
 x - a box of beasts (inert)


   Skills:
 + Level 7.8 Fighting
 + Level 4.7 Long Blades
 - Level 2.0 Axes
 - Level 3.0 Ranged Weapons
 - Level 3.0 Throwing
 + Level 6.2 Armour
 - Level 3.0 Dodging
 - Level 3.0 Stealth
 + Level 3.2 Shields
 - Level 6.1 Spellcasting
 - Level 7.6 Conjurations
 + Level 4.9 Invocations
 - Level 4.0 Evocations


You had 19 spell levels left.
You knew the following spells:

 Your Spells              Type           Power      Damage    Failure   Level
a - Magic Dart            Conj           100%       1d8       1%          1
b - Searing Ray           Conj           68%        2d6       1%          2

Your spell library contained the following spells:

 Spells                   Type           Power      Damage    Failure   Level
 Dazzling Flash           Conj/Hex       40%        N/A       7%          3
 Beastly Appendage        Tmut           10%        N/A       11%         1
 Mephitic Cloud           Conj/Pois/Air  15%        N/A       12%         3
 Cigotuvi's Dreadful Rot  Necr/Pois/Air  10%        N/A       17%         2
 Poisonous Vapours        Pois/Air       10%        N/A       17%         2
 Wereblood                Tmut           5%         N/A       17%         2
 Fulminant Prism          Conj/Hex       10%        3d9       22%         4
 Iskenderun's Mystic Bla  Conj/Tloc      20%        2d6       22%         4
 Gell's Gravitas          Tloc           5%         N/A       32%         3
 Lesser Beckoning         Tloc           10%        N/A       32%         3
 Ozocubu's Armour         Ice            5%         N/A       32%         3
 Spider Form              Tmut/Pois      5%         N/A       32%         3
 Teleport Other           Tloc           5%         N/A       32%         3
 Metabolic Englaciation   Hex/Ice        2%         N/A       97%         5
 Simulacrum               Ice/Necr       2%         N/A       100%        6


Dungeon Overview and Level Annotations

Branches:
Dungeon (10/15)            Temple (1/1) D:4          Bailey (visited)
   Lair: D:8-11         Orc: D:9-12

Altars:
Cheibriados
Dithmenos
Kikubaaqudgha
Okawaru
Qazlal
Ru
Sif Muna
Vehumet
Wu Jian
Xom
The Shining One

Shops:
D:1 *   D:3 (   D:5 *   D:7 !   D:8 *   D:9 (

Annotations:
D:7 2 transporters


Message History

Press: ? - help, Shift-Dir - straight line, f/p - two-headed ogre
Aim: a two-headed ogre, wielding a +0 dire flail and a +0 giant spiked club (very poisoned, haloed, 93% to hit)
You throw a poisoned dart.
The poisoned dart hits the two-headed ogre.
The two-headed ogre looks as sick as possible!
Throw: 23 darts (poison)
Press: ? - help, Shift-Dir - straight line, f/p - two-headed ogre
Aim: a two-headed ogre, wielding a +0 dire flail and a +0 giant spiked club (lightly wounded, extremely poisoned, haloed, 93% to hit)
You throw a poisoned dart.
The poisoned dart hits the two-headed ogre.
The two-headed ogre is lightly wounded.
The two-headed ogre hits you with a +0 dire flail!
The two-headed ogre hits you with a +0 giant spiked club!!
You slash the two-headed ogre! You burn the two-headed ogre.
The two-headed ogre is lightly wounded.
The two-headed ogre hits you with a +0 dire flail.
The two-headed ogre hits you with a +0 giant spiked club!
You slash the two-headed ogre! You burn the two-headed ogre.
The two-headed ogre is severely wounded.
You feel yourself speed up.
The two-headed ogre hits you with a +0 dire flail!
The two-headed ogre hits you with a +0 giant spiked club!
* * * LOW HITPOINT WARNING * * *
You slash the two-headed ogre! You burn the two-headed ogre.
The two-headed ogre is almost dead.
The two-headed ogre hits you with a +0 dire flail!
* * * LOW HITPOINT WARNING * * *
The two-headed ogre hits you with a +0 giant spiked club.
* * * LOW HITPOINT WARNING * * *
Okay, then.
Okay, then.
Really quaff the potion of lignification?
You turn into a tree.
Your +1 cloak melds into your body.
Your +1 helmet melds into your body.
The +0 chain mail of the Secret Defenders {rElec rN+ rCorr Str+4} melds into your body.
Your roots penetrate the ground.
The two-headed ogre hits you with a +0 dire flail.
* * * LOW HITPOINT WARNING * * *
The two-headed ogre hits you with a +0 giant spiked club!
You die...

..# ..# ..#
#######.#
#.....#.#
+.....#.#
#.....'.#
#.....#(########
#.#######.♣.......
#..........O......
..####'####(.....
#..<....#.(....
#.......# .(...
#.......# .....
###+##### ....
...(


You could see a two-headed ogre (very poisoned).

Vanquished Creatures
  2 two-headed ogres
  Pikel (D:7)
  An orc knight (Bailey)
  A cyclops (D:10)
  An unseen horror (D:8)
  A troll (D:9)
  2 wyverns
  A wraith (D:10)
  Menkaure (D:6)
  A steam dragon (D:9)
  Duvessa (D:7)
  2 acid dragons
  A water moccasin (D:5)
  An ice beast (D:6)
  10 orc warriors
  3 black bears
  A sky beast (D:8)
  2 centaurs
  4 ogres
  2 kobold brigands
  4 bullfrogs
  A necrophage (D:6)
  3 scorpions
  7 wights
  Dowan (D:7)
  10 killer bees
  3 howler monkeys (D:8)
  2 hounds (D:6)
  2 jellies
  8 orc priests
  6 orc wizards
  Robin (D:4)
  11 gnolls
  5 adders
  5 white imps
  3 ufetubi
  A worm (D:3)
  2 dart slugs
  38 orcs
  11 endoplasms
  A giant cockroach (D:3)
  16 goblins
  8 hobgoblins
  4 jackals (D:2)
  13 kobolds
  2 quokkas
  3 ball pythons
  8 bats
  2 frilled lizards
  8 rats
228 creatures vanquished.

Vanquished Creatures (others)
  4 plants (D:5)
4 creatures vanquished.

Grand Total: 232 creatures vanquished

Notes
Turn   | Place    | Note
-------+----------+-------------------------------------------
     0 | D:1      | Lobster4 the Human Conjurer began the quest for the Orb.
     0 | D:1      | Reached XP level 1. HP: 13/13 MP: 3/3
   110 | D:1      | Found Ale Xaugedwo's Assorted Antiques.
   380 | D:1      | Reached XP level 2. HP: 16/20 MP: 1/5
   494 | D:1      | Learned a level 2 spell: Searing Ray
   522 | D:1      | Reached XP level 3. HP: 25/25 MP: 0/6
   690 | D:1      | Found a faded altar of an unknown god.
   785 | D:1      | Reached skill level 1 in Fighting
  1717 | D:2      | Reached skill level 1 in Armour
  1717 | D:2      | Reached XP level 4. HP: 32/32 MP: 4/7
  2481 | D:3      | Reached XP level 5. HP: 31/37 MP: 0/8
  3092 | D:3      | Reached XP level 6. HP: 44/44 MP: 7/10
  3130 | D:3      | Reached skill level 1 in Evocations
  3193 | D:3      | Found Ococw's Weapon Shop.
  3532 | D:3      | Reached skill level 1 in Axes
  3802 | D:3      | Reached skill level 1 in Throwing
  4687 | D:4      | Found a staircase to the Ecumenical Temple.
  4695 | Temple   | Entered the Ecumenical Temple
  4722 | Temple   | Became a worshipper of the Shining One
  4775 | D:4      | Noticed Robin
  5045 | D:4      | Reached XP level 7. HP: 50/50 MP: 4/11
  5107 | D:4      | Killed Robin
  5680 | D:4      | Reached skill level 1 in Invocations
  5806 | D:5      | Entered Level 5 of the Dungeon
  5916 | D:5      | Found Rigejarch's Assorted Antiques.
  6182 | D:5      | Noticed a water moccasin
  6215 | D:5      | Reached skill level 5 in Conjurations
  6215 | D:5      | Reached XP level 8. HP: 57/57 MP: 7/12
  7035 | D:6      | Noticed Menkaure
  7555 | D:6      | Killed Menkaure
  7555 | D:6      | Reached * piety under the Shining One
  7556 | D:6      | Reached XP level 9. HP: 65/65 MP: 13/15
  8191 | D:7      | Found a flagged portal.
  8200 | Bailey   | Entered a bailey
  8553 | Bailey   | Reached skill level 5 in Spellcasting
  8622 | Bailey   | Reached skill level 5 in Fighting
  8808 | Bailey   | Reached skill level 1 in Ranged Weapons
  9150 | Bailey   | Noticed an orc knight
  9184 | Bailey   | Killed an orc knight
  9185 | Bailey   | Reached XP level 10. HP: 74/74 MP: 16/18
  9216 | Bailey   | Identified the +8 falchion of the Lame Duck {flame, Stlth+}
  9259 | D:7      | Noticed Duvessa
  9396 | D:1      | Bought a faintly humming chain mail for 294 gold pieces
  9396 | D:1      | Identified the +0 chain mail of the Secret Defenders {rElec
                  | rN+ rCorr Str+4} (You bought it in a shop on level 1 of the
                  | Dungeon)
  9599 | D:7      | Reached skill level 1 in Long Blades
  9637 | D:7      | Noticed Pikel
  9651 | D:7      | Found a radiant altar of Vehumet.
  9728 | D:7      | Found Heoruh's Distillery.
  9967 | D:7      | Found a transporter.
  9977 | D:7      | Found a transporter.
 10003 | D:7      | Killed Pikel
 10014 | D:7      | Noticed Dowan
 10021 | D:7      | Killed Duvessa
 10031 | D:7      | Killed Dowan
 10504 | D:8      | Found Geur's Lightly-Used Armoury.
 10595 | D:8      | Noticed an unseen horror
 10611 | D:8      | Killed an unseen horror
 10673 | D:8      | Reached skill level 5 in Armour
 10686 | D:8      | Reached ** piety under the Shining One
 10694 | D:8      | Found a shadowy altar of Dithmenos.
 10744 | D:8      | Noticed a two-headed ogre
 10762 | D:8      | Killed a two-headed ogre
 10763 | D:8      | Reached skill level 1 in Shields
 10763 | D:8      | Reached XP level 11. HP: 38/84 MP: 20/20
 10982 | D:9      | Noticed a two-headed ogre
 11019 | D:9      | Killed a two-headed ogre
 11159 | D:9      | Found Ykitagg's Antique Weapon Emporium.
 12190 | D:10     | Entered Level 10 of the Dungeon
 12198 | D:10     | Noticed a cyclops
 12210 | D:10     | Killed a cyclops
 12219 | D:10     | Noticed a two-headed ogre
 12228 | D:10     | HP: 6/129 [two-headed ogre/+0 dire flail (4)]
 12228 | D:10     | Slain by a two-headed ogre

Illustrated notes

Levels and vault maps discovered:
D:1:      dpeg_arrival_lava_temple_mockup, layout_basic, serial_shops,
          nicolae_shop_waterfront, serial_corexii_hall, chequers_hall_statues_y,
          corexii_hall_statues_deadend, basic_ecumenical_altar
D:2:      layout_basic, dk_noncrumbling_2
D:3:      layout_basic, serial_shops, nicolae_shop_bloodbath_and_beyond,
          minmay_misc_feat_room, dk_noncrumbling_3, grunt_ministairs_13,
          minmay_box_of_dots
D:4:      layout_cave_pools, temple_doors_e, uniq_robin
D:5:      layout_basic, serial_shops, nicolae_shop_overgrown_old_shop
D:6:      layout_basic, uniq_menkaure
D:7:      gammafunk_beogh_shrine, layout_cave_pools,
          mainiacjoe_overflow_alcove_2, serial_shops, nicolae_take_the_stairs,
          enter_bailey_8, nicolae_elevator_lobby_asterisk, uniq_duvessa,
          uniq_pikel
D:8:      layout_rooms, grunt_dithmenos_smoke_and_mirrors, minmay_shop_damaged,
          fountainhead
D:9:      layout_basic, serial_shops, shop
D:10:     layout_irregular_city, lemuel_doored_altar
Temple:   nicolae_temple_bog_church

Skill      XL: |  1  2  3  4  5  6  7  8  9 10 11 |
---------------+----------------------------------+-----
Fighting       | 1 2 3 5 7 |  7.8
Armour         | 1 2 3 4 5 6 |  6.2
Stealth        | 3 |  3.0
Evocations     | 1 2 3 4 |  4.0
Axes           | 1 2 |  2.0
Throwing       | 1 2 3 |  3.0
Dodging        | 3 |  3.0
Spellcasting   | 3 4 5 6 |  6.1
Invocations    | 1 3 4 |  4.9
Conjurations   | 5 7 |  7.6
Ranged Weapons | 2 3 |  3.0
Long Blades    | 3 4 |  4.7
Shields        | 1 3 |  3.2

Action                   |  1- 3 |  4- 6 |  7- 9 | 10-12 || total
-------------------------+-------+-------+-------+-------++-------
Melee: Unarmed           |     2 |       |       |       ||     2
       War axe           |     9 |    14 |       |       ||    23
       Club              |     1 |       |       |       ||     1
       Short sword       |       |     8 |    20 |       ||    28
       Spear             |       |       |     9 |       ||     9
       Punch             |       |       |     1 |     5 ||     6
       Falchion          |       |       |       |   240 ||   240
Throw: Dart              |       |       |     2 |     9 ||    11
 Cast: Magic Dart        |    54 |   105 |    45 |     5 ||   209
       Searing Ray       |     2 |    23 |    55 |     1 ||    81
Evoke: Wand              |       |       |    21 |     1 ||    22
       Box of beasts     |       |       |       |     1 ||     1
  Use: Scroll            |     3 |       |    13 |     3 ||    19
       Potion            |       |       |     1 |     2 ||     3
Armor: Robe              |     5 |     8 |    19 |       ||    32
       Ring mail         |       |       |     4 |    40 ||    44
       Chain mail        |       |       |       |   157 ||   157
Dodge: Dodged            |    15 |    41 |   128 |   144 ||   328

Table legend: (Time is in decaauts)
 A = Elapsed time spent in this place.
 B = Non-inter-level travel time spent in this place.
 C = Inter-level travel time spent in this place.
 D = Time resting spent in this place.
 E = Time spent auto-exploring this place.
 F = Levels seen in this place.
 G = Mean time per level.
                   A        B        C        D        E       F      G
               +--------+--------+--------+--------+--------+-----+--------+
         Total |  12385 |  11290 |   1095 |   2108 |   6472 |  12 | 1032.1 |
       Dungeon |  11222 |  10135 |   1087 |   1627 |   6472 |  10 | 1122.2 |
        Temple |     37 |     30 |      7 |      0 |      0 |   1 |   37.0 |
        Bailey |   1125 |   1125 |      0 |    481 |      0 |   1 | 1125.0 |
               +--------+--------+--------+--------+--------+-----+--------+

Top non-repeatable levels by time:
     D:3: 1939 daAuts
     D:6: 1729 daAuts
     D:2: 1704 daAuts
     D:1: 1346 daAuts
     D:9: 1196 daAuts
  Bailey: 1125 daAuts
     D:5: 1013 daAuts
     D:4: 924 daAuts
     D:7: 732 daAuts
     D:8: 593 daAuts
    D:10: 43 daAuts
  Temple: 37 daAuts
